Map: Pillars of Gold LE

Players

Stats - Winner!

  • Race: Protoss Protoss
  • League: Master
  • Spawn Location: 1:00

DPGZest (Zest)

  • Race: Protoss Protoss
  • League: Master
  • Spawn Location: 7:00

Event: StayAtHome Story Cup #3

VOD

Have the link to the VOD?

Description

Time

  • Played on: March 13, 2021, 11:37 a.m.
  • Length: 8:01

All games in this series

Show
View Real Time Build Order
Export as new Build Order

Stats Protoss - Winner!

Build Orders: Phoenix Opening 

Get SALT Encoding   

  12  0:00  Probe  
  13  0:12  Probe  
  14  0:18  Pylon  
  14  0:24  Probe (Chrono Boost)  
  15  0:36  Probe (Chrono Boost)  
  15  0:40  Gateway  
  16  0:45  Probe (Chrono Boost)  
  17  0:50  Assimilator  
  17  0:51  Probe  
  18  0:58  Assimilator  
  18  1:03  Probe (Chrono Boost)  
  19  1:15  Probe (Chrono Boost), Pylon  
  20  1:21  Probe (Chrono Boost)  
  21  1:29  Cybernetics Core  
  21  1:31  Probe  
  22  1:36  Zealot  
  24  1:43  Probe  
  25  1:55  Probe  
  26  2:02  Pylon  
  26  2:03  Stalker (Chrono Boost)  
  26  2:06  Warp Gate  
  26  2:07  Probe  
  29  2:19  Probe  
  30  2:25  Stalker  
  32  2:43  Nexus  
  32  2:45  Probe  
  33  2:55  Gateway  
  33  2:58  Sentry  
  35  3:00  Probe  
  36  3:08  Pylon  
  36  3:13  Shield Battery  
  36  3:17  Probe  
  37  3:27  Twilight Council  
  37  3:29  Probe  
  37  3:33  Phoenix  
  38  3:42  Probe  
  40  3:55  Probe (Chrono Boost)  
  40  3:58  Probe (Chrono Boost)  
  40  3:59  Stalker  
  40  4:00  Stalker  
  45  4:05  Probe (Chrono Boost)  
  45  4:06  Probe (Chrono Boost), Blink  
  47  4:14  Forge  
  47  4:16  Probe x2  
  49  4:24  Robotics Facility  
  49  4:28  Probe (Chrono Boost)  
  49  4:30  Assimilator  
  49  4:31  Probe (Chrono Boost)  
  51  4:37  Gateway  
  51  4:40  Probe (Chrono Boost)  
  51  4:41  Sentry  
  51  4:42  Sentry  
  51  4:44  Probe (Chrono Boost)  
  57  4:46  Gateway  
  57  4:47  Probe (Chrono Boost)  
  57  4:52  Probe, Protoss Ground Weapons Level 1  
  59  4:56  Pylon  
  59  5:03  Pylon  
  59  5:12  Immortal (Chrono Boost)  
  59  5:20  Stalker x2  
  67  5:25  Pylon  
  67  5:29  Pylon  
  67  5:41  Immortal (Chrono Boost)  
  71  5:46  Stalker x3  
  77  5:52  Stalker  
  79  6:04  Pylon  
  79  6:05  Pylon  
  73  6:15  Warp Prism (Chrono Boost)  
  73  6:20  Nexus  
  73  6:27  Stalker x2  
  74  6:34  Stalker x2  
  78  6:45  Observer  
  79  6:52  Probe x2  
  79  6:58  Stalker x3  
  79  6:59  Stalker  
  87  7:04  Probe x2  
  87  7:20  Probe  
  87  7:21  Stalker  
  87  7:22  Stalker  
  93  7:23  Stalker  
  93  7:26  Pylon  
  90  7:42  Stalker  
  90  7:45  Stalker x2  
  90  7:52  Stalker  
Show
View Real Time Build Order
Export as new Build Order

DPGZest Protoss 

Build Orders: Oracle Opening, Blink Stalkers 

Get SALT Encoding   

  12  0:00  Probe  
  13  0:12  Probe  
  14  0:18  Pylon  
  14  0:24  Probe  
  15  0:36  Probe (Chrono Boost)  
  15  0:39  Gateway  
  16  0:47  Probe (Chrono Boost)  
  16  0:49  Assimilator  
  17  0:51  Probe (Chrono Boost)  
  18  0:58  Assimilator  
  18  1:03  Probe (Chrono Boost)  
  19  1:13  Probe (Chrono Boost)  
  19  1:15  Pylon  
  19  1:18  Probe (Chrono Boost)  
  21  1:27  Cybernetics Core  
  21  1:30  Probe  
  22  1:38  Zealot  
  24  1:42  Probe  
  25  1:54  Probe  
  26  2:03  Stalker (Chrono Boost)  
  26  2:04  Warp Gate  
  28  2:16  Stargate  
  28  2:31  Stalker  
  28  2:36  Pylon  
  29  2:50  Nexus  
  29  2:59  Oracle (Chrono Boost)  
  32  3:07  Shield Battery  
  32  3:09  Probe  
  33  3:17  Pylon  
  33  3:22  Probe  
  34  3:30  Twilight Council  
  34  3:43  Gateway  
  34  3:48  Probe  
  35  3:59  Blink (Chrono Boost)  
  35  4:00  Probe  
  36  4:03  Probe  
  36  4:06  Gateway  
  37  4:12  Probe  
  37  4:15  Probe  
  39  4:24  Probe  
  39  4:27  Probe, Stalker  
  43  4:39  Stalker  
  43  4:40  Probe x2  
  47  4:52  Stalker  
  47  4:54  Probe  
  47  4:55  Probe  
  51  5:03  Stalker x2  
  51  5:07  Probe x2  
  57  5:13  Pylon  
  57  5:15  Stalker  
  59  5:23  Probe  
  59  5:27  Pylon  
  60  5:32  Stalker  
  60  5:33  Stalker  
  64  5:38  Nexus  
  64  5:44  Charge (Chrono Boost)  
  64  5:49  Probe x2  
  66  6:05  Probe  
  64  6:19  Probe  
  64  6:21  Probe  
  64  6:23  Stalker x3  
  70  6:26  Gateway  
  70  6:27  Gateway  
  70  6:30  Gateway  
  70  6:34  Gateway  
  70  6:37  Robotics Facility  
  70  6:49  Gateway  
  70  6:51  Stalker x3  
  70  6:53  Shield Battery  
  70  6:54  Pylon  
  76  6:57  Gateway  
  76  7:15  Zealot x3  
  80  7:23  Zealot x2  
  80  7:25  Zealot  
  84  7:35  Stalker  
  84  7:36  Stalker x3  
  60  7:44  Zealot x2  
  60  7:47  Zealot  
  58  7:51  Zealot  
Tags
 
Add a new tag
Caveats
  • Supply blocks, unpowered buildings, or Contaminate may cause inaccurate times.
  • Supply counts are checked every 10 seconds.